 Dungeon Crawl Stone Soup version 0.17-a0-1842-gacc33f2 (webtiles) character file.

3933 dpvblackbelt the Unseen (level 10, -2/72 HPs)
             Began as an Octopode Assassin on Sept 18, 2015.
             Slain by an unseen horror (10 damage)
             ... on level 10 of the Dungeon.
             The game lasted 00:37:06 (8144 turns).

dpvblackbelt the Unseen (Octopode Assassin)         Turns: 8144, Time: 00:37:06

Health: -2/72      AC:  1    Str: 13    XL:     10   Next: 21%
Magic:  19/19      EV: 15    Int: 13    God:
Gold:   532        SH:  0    Dex: 20    Spells: 1 memorised, 3 levels left

rFire  . . .     SeeInvis .     a - +1 dagger (speed)
rCold  + + .     Clarity  .     (no shield)
rNeg   . . .     SustAt   .     (helmet restricted)
rPois  +         Gourm    .     S - amulet of regeneration
rElec  +         Spirit   .     w - +2 ring of strength
rCorr  +         Warding  .     N - ring of poison resistance
rMut   .         Stasis   .     Q - ring of magical power
MR     .....                    W - +3 ring of dexterity
Stlth  ++++......               d - ring of wizardry
                                z - ring of ice
                                (no ring)
                                (no ring)

@: confused, exhausted, resistant, flying, slowed, very slow, not resistant to
hostile enchantments, stealthy
A: almost no armour, amphibious, 8 rings, constrict 8, camouflage 1, gelatinous
body 1
a: no special abilities


You were on level 10 of the Dungeon.
You were not hungry.

You visited 2 branches of the dungeon, and saw 12 of its levels.
You also visited: Sewer and Ice Cave.

You collected 532 gold pieces.

Inventory:

Hand weapons
 a - a +1 dagger of speed (weapon)
 b - a +0 arbalest
 u - a +0 blowgun
Missiles
 c - 11 poisoned needles
 A - 11 bolts of frost
Jewellery
 d - a ring of wizardry (on tentacle)
 n - an uncursed amulet of stasis
 p - an uncursed amulet of faith
 w - a +2 ring of strength (left tentacle)
 z - a ring of ice (on tentacle)
 N - a ring of poison resistance (right tentacle)
 Q - a ring of magical power (on tentacle)
 R - an uncursed ring of fire
 S - an amulet of regeneration (around mantle)
 W - a +3 ring of dexterity (on tentacle)
Magical devices
 y - a wand of frost (17)
 E - a wand of fireball (6)
 T - a wand of draining (0)
 V - a wand of magic darts (12)
Scrolls
 j - 8 scrolls of identify
 k - 2 scrolls of magic mapping
 o - 4 scrolls of remove curse
 t - 4 scrolls of amnesia
 C - 2 scrolls of immolation
 J - a scroll of enchant armour
Potions
 g - 2 potions of brilliance {unknown}
 l - 4 potions of might
 r - a potion of magic
 v - a potion of cancellation {unknown}
 B - 4 potions of flight
 F - a potion of degeneration {unknown}
 G - a potion of mutation {unknown}
 H - 2 potions of cure mutation {unknown}
 I - a potion of resistance
 K - a potion of berserk rage
 O - 4 potions of agility {unknown}
 U - a potion of lignification {unknown}
Books
 x - a book of Enchantments

   Spells                             Type                      Level
   a - Cause Fear                     Hexes                        4
   b - Silence                        Hexes/Air                    5
   c - Deflect Missiles               Charms/Air                   6
   d - Haste                          Charms                       6
   e - Discord                        Hexes                        8
 M - a book of Flames

   Spells                             Type                      Level
   a - Flame Tongue                   Conjuration/Fire             1
   b - Throw Flame                    Conjuration/Fire             2
   c - Conjure Flame                  Conjuration/Fire             3
   d - Inner Flame                    Hexes/Fire                   3
   e - Sticky Flame                   Conjuration/Fire             4
   f - Fireball                       Conjuration/Fire             5
 P - a book of the Dragon

   Spells                             Type                      Level
   a - Flame Tongue                   Conjuration/Fire             1
   b - Cause Fear                     Hexes                        4
   c - Bolt of Fire                   Conjuration/Fire             6
   d - Dragon Form                    Transmutation                7
   e - Dragon's Call                  Summoning                    9
Comestibles
 e - 8 bread rations
 f - a royal jelly
 i - 5 slices of pizza
 m - 2 fruits
 q - 4 beef jerkies
 L - 2 meat rations


   Skills:
 - Level 8.0 Fighting
 + Level 4.2 Short Blades
 - Level 2.0 Throwing
 - Level 4.6 Dodging
 - Level 15.0 Stealth


You had 3 spell levels left.
You knew the following spells:

 Your Spells              Type           Power        Failure   Level  Hunger
a - Haste                 Chrm           #.......     100%        6    #######


Dungeon Overview and Level Annotations

Branches:
Dungeon (11/15)            Temple (1/1) D:4            Lair (0/8) D:9
    Orc: D:9-12

Altars:
Ashenzari
Cheibriados
Elyvilon
Fedhas
Gozag
Kikubaaqudgha
Nemelex Xobeh
Okawaru
Ru
Sif Muna
Trog
Vehumet
Xom
Yredelemnul
Zin
The Shining One

Shops:
D:2 *   D:4 (

Annotations:
D:6 Loris's ghost, experienced DEFE


Innate Abilities, Weirdness & Mutations

You cannot wear most types of armour.
You are amphibious.
You can wear up to eight rings at the same time.
You can use your tentacles to constrict eight enemies at once.
Your skin changes colour to match your surroundings (Stealth).
Your rubbery body absorbs attacks (AC +1).


Message History

You feel your anger subside. Something hits you.
* * * LOW HITPOINT WARNING * * *
There is an open door here.
You are no longer berserk.
You are exhausted.
You feel yourself slow down. Something hits you!
* * * LOW HITPOINT WARNING * * *
You hit something but do no damage. You squeeze something. Something hits you.
* * * LOW HITPOINT WARNING * * *
Something barely misses you.
Drink which item? (? for menu, Esc to quit)
Your magic is already full.
Drink which item? (? for menu, Esc to quit)
It was a potion of ambrosia.
You are confused.
You feel invigorated. Something hits you.
* * * LOW HITPOINT WARNING * * *
Something hits you!
You die...

############ #####
#....#.....# #...#
#....'.....# #...#
#######..##....########..#
#..#..#..##....##....##..#
+.........'@.............#
#.........#=?............#
#.........#..............#
#).##.##.##.##.####..##..#
#+###.##+##.##.####..##..#
... ..#.....#...#..#
....%....#.....#...#..#
..........#.....#...)..#
.......... #.....#...#..#


There were no monsters in sight!

Vanquished Creatures
  Grinder (D:3)
  A two-headed ogre (D:8)
  4 yaks (IceCv)
  Edmund (D:6)
  An orc warrior (D:9)
  Duvessa (D:5)
  An ice beast (D:7)
  2 necrophages
  6 ogres
  3 sky beasts (D:8)
  A centaur (D:10)
  A big kobold (Sewer)
  Dowan (D:5)
  A scorpion (D:11)
  3 killer bees (D:8)
  3 wights (D:5)
  2 orc wizards
  3 hounds
  2 crimson imps
  5 jellies
  2 centaur skeletons
  2 giant frog skeletons (D:9)
  2 orc priests
  A giant frog zombie (D:8)
  An iguana (D:5)
  10 worker ants
  2 hound skeletons
  A worker ant zombie (D:8)
  A gnoll (D:1)
  8 adders
  A shadow imp (D:7)
  An adder zombie (D:6)
  An adder skeleton (D:4)
  2 worms
  5 giant geckos
  19 orcs
  2 ball pythons
  8 bats
  3 goblins
  7 hobgoblins
  17 jackals
  10 giant cockroaches
  5 giant newts
  10 kobolds
  4 quokkas
  A quokka skeleton (D:8)
  A quokka zombie (D:7)
  14 rats
184 creatures vanquished.

Notes
Turn   | Place    | Note
--------------------------------------------------------------
     0 | D:1      | dpvblackbelt the Octopode Assassin began the quest for the Orb.
     0 | D:1      | Reached XP level 1. HP: 14/14 MP: 1/1
    79 | D:1      | Reached XP level 2. HP: 19/19 MP: 2/2
   146 | D:1      | Reached skill level 6 in Stealth
   709 | D:1      | Reached XP level 3. HP: 15/24 MP: 3/3
   859 | D:1      | Reached skill level 7 in Stealth
  1184 | D:2      | Found an iron altar of Okawaru.
  1346 | D:2      | Found Zin's Purification Station.
  1350 | D:2      | Found a glowing silver altar of Zin.
  1377 | D:2      | Reached XP level 4. HP: 29/29 MP: 4/4
  1944 | D:3      | Noticed Grinder
  1946 | D:3      | Killed Grinder
  1946 | D:3      | Reached skill level 10 in Stealth
  1946 | D:3      | Reached XP level 5. HP: 34/34 MP: 5/5
  1946 | D:3      | Reached XP level 6. HP: 39/39 MP: 6/6
  1957 | D:3      | Found a glowing drain.
  1988 | Sewer    | Entered a sewer
  2349 | Sewer    | Found a white marble altar of Elyvilon.
  2459 | D:3      | Found a blossoming altar of Fedhas.
  3055 | D:4      | Reached skill level 11 in Stealth
  3198 | D:4      | Reached XP level 7. HP: 41/45 MP: 7/7
  3381 | D:4      | Found a staircase to the Ecumenical Temple.
  3412 | Temple   | Entered the Ecumenical Temple
  3852 | D:4      | Found Ydwergho's Antique Weapon Shop.
  3967 | D:5      | Entered Level 5 of the Dungeon
  4197 | D:5      | Reached skill level 5 in Fighting
  4749 | D:5      | Reached XP level 8. HP: 55/57 MP: 8/8
  4763 | D:5      | Noticed Dowan
  4788 | D:5      | Noticed Duvessa
  4790 | D:5      | Killed Dowan
  5067 | D:5      | Killed Duvessa
  5234 | D:5      | Learned a level 6 spell: Haste
  5377 | D:6      | Noticed Edmund
  5388 | D:6      | Killed Edmund
  5792 | D:6      | Reached skill level 12 in Stealth
  6062 | D:6      | Noticed Loris's ghost (experienced DEFE)
  6156 | D:7      | Reached XP level 9. HP: 64/64 MP: 9/9
  6725 | D:8      | Reached skill level 13 in Stealth
  7121 | D:8      | Found a shattered altar of Ashenzari.
  7273 | D:8      | You fall through a shaft for 3 floors!
  7287 | D:11     | Found a frozen archway.
  7292 | IceCv    | Entered an ice cave
  7309 | IceCv    | Reached skill level 14 in Stealth
  7336 | IceCv    | Reached XP level 10. HP: 62/72 MP: 10/10
  7417 | IceCv    | Noticed a frost giant
  7417 | IceCv    | Noticed a death yak
  7520 | D:10     | Entered Level 10 of the Dungeon
  7629 | D:9      | Reached skill level 15 in Stealth
  7669 | D:9      | Found a staircase to the Lair.
  7913 | D:10     | HP: 1/72 [yak (8)]
  8144 | D:10     | Slain by an unseen horror

Vault maps used:
D:1:      evilmike_arrival_hilbert_curve
D:2:      nicolae_overflow_crystal_walls, zin_purify, kennysheep_crisscross,
          st_stairs_13
D:3:      corexii_shack_village, gup_sewer_entry_pipe, minmay_misc_feat_chi,
          fedhas_altar_1, uniq_grinder
D:4:      minmay_temple_entry_junction2, serial_shops,
          nicolae_shop_behind_doors, minmay_misc_feat_hallway
D:5:      first_bread, uniq_duvessa
D:6:      uniq_edmund
D:8:      cheibrodos_ashenzari_chains, kennysheep_mini
D:9:      gammafunk_temple_overflow_pools, david_lair_shrubbed, orc_0_dummy,
          wad_floor_pattern_1
D:11:     portal_ice_cave_entry_pillars_02, hangedman_tell_no_tales,
          minivault_27, uniq_grum
Temple:   nicolae_temple_figure_eight
Sewer:    sewer_kobolds
IceCv:    ice_cave_caverns_01

Action                   |  1- 3 |  4- 6 |  7- 9 | 10-12 || total
-------------------------+-------+-------+-------+-------++-------
Melee: Dagger            |    49 |    75 |   243 |    71 ||   438
 Fire: Blowgun           |       |    20 |    43 |       ||    63
Evoke: Wand              |       |       |     5 |     3 ||     8
  Use: Potion            |       |       |     8 |     8 ||    16
       Scroll            |       |       |    11 |     3 ||    14
 Stab: Sleeping          |    24 |    20 |    37 |     9 ||    90
       Distracted        |       |       |     2 |       ||     2
  Eat: Chunk             |       |     3 |     4 |     2 ||     9
       Bread ration      |       |     1 |     2 |     1 ||     4
